 Dungeon Crawl Stone Soup version 0.18-a0-1788-g92de1ac (webtiles) character file.

3797 poirepourri the Blocker (level 10, -15/79 HPs)
             Began as a Formicid Fighter on Apr 19, 2016.
             Was a Priest of Makhleb.
             Demolished by a white ugly thing (35 damage)
             ... on level 11 of the Dungeon.
             The game lasted 00:11:58 (8357 turns).

poirepourri the Blocker (Formicid Fighter)          Turns: 8357, Time: 00:11:58

Health: -15/79     AC: 13    Str: 29    XL:     10   Next: 39%
Magic:  10/10      EV: 12    Int:  8    God:    Makhleb [***...]
Gold:   312        SH: 13    Dex: 10    Spells: 0 memorised, 9 levels left

rFire  . . .     SeeInvis +     a - +1 war axe
rCold  . . .     Gourm    +     b - +0 scale mail
rNeg   . . .     Faith    .     c - +1 shield
rPois  .         Spirit   .     (helmet unavailable)
rElec  .         Dismiss  .     j - +0 cloak
rCorr  .         Reflect  .     (no gloves)
SustAt .         Harm     .     (no boots)
MR     ++...                    p - amulet of the gourmand
Stlth  ..........               h - ring of protection from magic
                                e - +4 ring of protection

@: mighty, flying, very resistant to hostile enchantments, extremely unstealthy
A: permanent stasis, dig shafts and tunnels, four strong arms, antennae 3
a: Dig, Shaft Self, Minor Destruction, Lesser Servant of Makhleb, Renounce
Religion


You were on level 11 of the Dungeon.
You worshipped Makhleb.
Makhleb was most pleased with you.
You were not hungry.

You visited 2 branches of the dungeon, and saw 10 of its levels.

You collected 312 gold pieces.

Inventory:

Hand Weapons
 a - a +1 war axe (weapon)
Missiles
 q - 20 bolts
Armour
 b - a +0 scale mail (worn)
 c - a +1 shield (worn)
 j - a +0 cloak (worn)
 s - a +0 helmet
Jewellery
 e - a +4 ring of protection (left hand)
 h - a ring of protection from magic (right hand)
 n - an uncursed amulet of rage
 p - an amulet of the gourmand (around neck)
 v - an uncursed ring of poison resistance {unknown}
Wands
 f - a wand of polymorph (21/24)
 o - a wand of random effects (23/48)
Scrolls
 d - a scroll of identify
 i - a scroll of magic mapping
 t - 2 scrolls of noise {unknown}
 u - a scroll of recharging
Potions
 g - a potion of magic
Comestibles
 l - a slice of pizza
 m - 9 fruits
 r - 4 meat rations
 x - a beef jerky


   Skills:
 + Level 7.1 Fighting
 + Level 7.1 Axes
 + Level 6.7 Armour
 + Level 5.3 Dodging
 + Level 1.6 Stealth
 + Level 9.8 Shields


You had 9 spell levels left.
You didn't know any spells.

Dungeon Overview and Level Annotations

Branches:
Dungeon (8/15)             Temple (1/1) D:4            Lair (0/8) D:11

Altars:
Ashenzari
Cheibriados
Dithmenos
Elyvilon
Fedhas
Gozag
Kikubaaqudgha
Makhleb
Nemelex Xobeh
Okawaru
Pakellas
Qazlal
Ru
Sif Muna
Trog
Vehumet
Xom
Yredelemnul
Zin
The Shining One

Shops:
D:4 =   D:7 [


Innate Abilities, Weirdness & Mutations

You are under a permanent stasis effect.
You can dig through walls and to a lower floor.
Your four strong arms can wield two-handed weapons with a shield.
You have a pair of large antennae on your head (SInv).


Message History

You hit the white ugly thing.
The white ugly thing is moderately wounded.
You block the white ugly thing's attack.
You barely miss the white ugly thing.
The white ugly thing is moderately wounded.
The white ugly thing claws you! The white ugly thing freezes you!
You hit the white ugly thing but do no damage.
The white ugly thing is moderately wounded.
You block the white ugly thing's attack.
Drink which item? (? for menu, Esc to quit)
It was a potion of flight.
You feel very buoyant.
You fly up into the air.
The white ugly thing closely misses you.
Drink which item? (? for menu, Esc to quit)
You feel very mighty all of a sudden. The white ugly thing claws you!
* * * LOW HITPOINT WARNING * * *
The white ugly thing freezes you!!
You die...

######+##
####+###
#.......#
#.......
+.......+
#.......
#.......#
#.......
#......?#
+.......
#>..u@..#
#.......
######'##
#....... #...#
####'### ##.###
#..# ##..# #.##
#..## #.#
####.######
###'####
#.........#
#.......
###.........###
#.......


You could see a white ugly thing.

Vanquished Creatures
  Pikel (D:5)
  A troll (D:11)
  A shadow (D:11)
  Eustachio (D:4)
  The ghost of nono the Cutter, an amateur HaFi (D:4)
  Edmund (D:4)
  A sky beast (D:6)
  2 orc warriors
  An ice beast (D:6)
  A slave (D:5)
  A phantom (D:8)
  6 ogres
  2 centaurs
  A giant frog (D:7)
  A scorpion (D:5)
  2 howler monkeys
  3 crimson imps
  10 orc priests
  5 orc wizards
  A centaur skeleton (D:4)
  2 iguanas
  2 giant frog skeletons
  Natasha (thrice) (D:4)
  4 worker ants
  A killer bee zombie (D:6)
  2 hound skeletons
  A howler monkey zombie (D:6)
  A mummy (D:4)
  A worker ant zombie (D:6)
  4 gnolls
  2 howler monkey skeletons
  9 adders
  2 shadow imps (D:6)
  2 oozes
  3 adder skeletons
  2 worms (D:4)
  4 dart slugs
  4 giant geckos
  30 orcs
  10 giant cockroaches
  11 goblins
  6 hobgoblins
  20 jackals
  7 kobolds
  11 bats
  A giant gecko zombie (D:6)
  6 giant newts
  A jackal skeleton (D:4)
  A kobold zombie (D:4)
  An orc zombie (D:4)
  7 rats
204 creatures vanquished.

Vanquished Creatures (others)
  A worker ant (D:5)
1 creature vanquished.

Grand Total: 205 creatures vanquished

Notes
Turn   | Place    | Note
--------------------------------------------------------------
     0 | D:1      | poirepourri the Formicid Fighter began the quest for the Orb.
     0 | D:1      | Reached XP level 1. HP: 18/18 MP: 1/1
   141 | D:1      | Reached skill level 4 in Shields
   141 | D:1      | Reached XP level 2. HP: 17/24 MP: 2/2
   364 | D:1      | Found a sparkling altar of Nemelex Xobeh.
   479 | D:1      | Reached XP level 3. HP: 26/29 MP: 3/3
  1117 | D:2      | Reached XP level 4. HP: 35/35 MP: 4/4
  1616 | D:2      | Reached skill level 1 in Dodging
  1817 | D:3      | Reached XP level 5. HP: 42/42 MP: 5/5
  2011 | D:3      | Found a radiant altar of Vehumet.
  2020 | D:3      | Reached skill level 5 in Shields
  2491 | D:4      | Reached XP level 6. HP: 40/48 MP: 6/6
  2496 | D:4      | Reached skill level 1 in Stealth
  2698 | D:4      | Found a staircase to the Ecumenical Temple.
  2704 | Temple   | Entered the Ecumenical Temple
  2814 | Temple   | Became a worshipper of Makhleb the Destroyer
  2880 | D:4      | Noticed an ogre
  2887 | D:4      | Killed an ogre
  2887 | D:4      | Reached skill level 6 in Shields
  2887 | D:4      | Reached XP level 7. HP: 22/55 MP: 7/7
  3274 | D:4      | Found Siveuq's Jewellery Boutique.
  3398 | D:4      | Noticed Natasha
  3401 | D:4      | Killed Natasha
  3409 | D:4      | Found a deep blue altar of Sif Muna.
  3424 | D:4      | Noticed nono's ghost (amateur HaFi)
  3473 | D:4      | Killed nono's ghost
  3752 | D:4      | Noticed Natasha
  3767 | D:4      | Killed Natasha
  3780 | D:4      | Noticed Edmund
  3790 | D:4      | Killed Edmund
  3790 | D:4      | Reached XP level 8. HP: 53/61 MP: 8/8
  4058 | D:4      | Noticed Eustachio
  4074 | D:4      | Killed Eustachio
  4074 | D:4      | Reached skill level 5 in Fighting
  4286 | D:4      | Reached * piety under Makhleb
  4314 | D:4      | Reached skill level 7 in Shields
  4318 | D:4      | Noticed Natasha
  4330 | D:4      | Killed Natasha
  4436 | D:5      | Entered Level 5 of the Dungeon
  4494 | D:5      | Noticed Pikel
  4513 | D:5      | Killed Pikel
  4513 | D:5      | Reached skill level 5 in Axes
  4513 | D:5      | Reached skill level 5 in Armour
  4513 | D:5      | Reached XP level 9. HP: 40/69 MP: 9/9
  4608 | D:5      | Reached skill level 8 in Shields
  5543 | D:5      | Reached ** piety under Makhleb
  6572 | D:6      | Reached skill level 9 in Shields
  6709 | D:6      | Reached *** piety under Makhleb
  6876 | D:6      | Reached XP level 10. HP: 66/77 MP: 10/10
  7043 | D:7      | Found Inwooseh's Antique Armour Boutique.
  7571 | D:6      | Reached skill level 5 in Dodging
  8245 | D:8      | You fall through a shaft for 3 floors!
  8348 | D:11     | Found a staircase to the Lair.
  8348 | D:11     | Noticed a white ugly thing
  8357 | D:11     | Demolished by a white ugly thing

Vault maps used:
D:1:      dpeg_arrival_round_a, serial_corexii_hall, corexii_hall_statues_t,
          corexii_hall_statues_x, nemelex_deck
D:2:      first_bread
D:3:      vehumet_crystals, grunt_ministairs_15
D:4:      kennysheep_six_static_rooms, overflow_temple_1_default,
          minmay_temple_entry_enclosed_plants, serial_shops, shop,
          nicolae_ossuary_entry_giza, uniq_natasha, uniq_edmund, uniq_eustachio
D:5:      nrook_loot_triangle, kennysheep_generic_room_8, uniq_pikel
D:7:      serial_shops, shop
D:8:      uniq_erolcha, uniq_grum
D:11:     lair_0_dummy, serial_shops, nicolae_shop_behind_doors, grunt_pizzeria,
          lightli_minifort
Temple:   grunt_circular_temple_18

Skill      XL: |  1  2  3  4  5  6  7  8  9 10 |
---------------+-------------------------------+-----
Shields        | 4 5 6 7 9 |  9.8
Dodging        | 1 2 3 4 5 |  5.3
Axes           | 3 4 5 6 7 |  7.1
Fighting       | 4 5 6 7 |  7.1
Stealth        | 1 |  1.6
Armour         | 4 5 6 |  6.7

Action                   |  1- 3 |  4- 6 |  7- 9 | 10-12 || total
-------------------------+-------+-------+-------+-------++-------
Melee: War axe           |   108 |   148 |   395 |   149 ||   800
Evoke: Wand              |       |       |       |     1 ||     1
  Use: Scroll            |     4 |     4 |     2 |     1 ||    11
       Potion            |       |     3 |     4 |     3 ||    10
  Eat: Bread ration      |     1 |     1 |     1 |       ||     3
       Meat ration       |       |       |     2 |       ||     2
       Fruit             |       |       |       |     1 ||     1
       Pizza             |       |       |       |     1 ||     1
Armor: Scale mail        |    71 |    66 |   140 |    45 ||   322
Dodge: Dodged            |    52 |    66 |   156 |    54 ||   328
Block: Shield            |    99 |   103 |   252 |    95 ||   549
